 Dungeon Crawl Stone Soup version 0.19-a0-503-g45a6586 (webtiles) character file.

6925 st0uf the Basher (level 11, -1/69 HPs)
             Began as a Gargoyle Skald on June 5, 2016.
             Was a Priest of Hepliaklqana.
             Killed by divine providence
             ... invoked by a smoke demon
             ... summoned by a deep elf mage
              (16 damage)
             ... on level 12 of the Dungeon.
             The game lasted 00:44:12 (7733 turns).

st0uf the Basher (Gargoyle Skald)                   Turns: 7733, Time: 00:44:13

Health: -1/69      AC: 21    Str: 26    XL:     11   Next: 7%
Magic:  14/14      EV: 15    Int: 12    God:    Hepliaklqana [***...]
Gold:   1083       SH:  0    Dex:  9    Spells: 3 memorised, 9 levels left

rFire  . . .     SeeInvis .     v - +1 flail (protect)
rCold  . . .     Gourm    .     K - +0 leather armour (curse)
rNeg   + . .     Faith    .     (no shield)
rPois  ∞         Spirit   .     (no helmet)
rElec  +         Dismiss  .     J - +2 cloak
rCorr  .         Reflect  .     S - +1 pair of gloves "Vuon" {Str+6}
SustAt +         Harm     .     (no boots)
MR     .....                    (no amulet)
Stlth  +.........               y - ring of sustain attributes
                                i - +3 ring of slaying

@: not resistant to hostile enchantments, very unstealthy
A: negative energy resistance 1, electricity resistance, unbreathing,
petrification resistance, rot immunity, AC +7
a: Recall Ancestor, Ancestor Identity, Transference, Renounce Religion


You were on level 12 of the Dungeon.
You worshipped Hepliaklqana.
Hepliaklqana was most pleased with you.
You were hungry.

You visited 2 branches of the dungeon, and saw 12 of its levels.

You collected 1083 gold pieces.

Inventory:

Hand Weapons
 v - a +1 flail of protection (weapon)
Armour
 z - a +0 chain mail
 J - a +2 cloak (worn)
 K - a cursed +0 leather armour (worn)
 S - the +1 pair of gloves "Vuon" (worn) {Str+6}
   (You found it on level 8 of the Dungeon)

   It affects your strength (+6).
Jewellery
 i - a +3 ring of slaying (left hand)
 y - a ring of sustain attributes (right hand)
Wands
 w - a wand of slowing (28/48)
 E - a wand of flame (8/48)
 L - a wand of teleportation (5/9)
 N - a wand of disintegration (13/24)
 O - a wand of iceblast (8/15)
Scrolls
 f - a scroll of fog {unknown}
 g - a scroll of random uselessness {unknown}
 j - 3 scrolls of blinking {unknown}
 k - 7 scrolls of identify
 m - 6 scrolls of remove curse {unknown}
 o - 3 scrolls of enchant armour {unknown}
 p - a scroll of magic mapping {unknown}
 q - a scroll of recharging {unknown}
 s - 3 scrolls of fear {unknown}
 u - 2 scrolls of amnesia {unknown}
 x - 6 scrolls of enchant weapon {unknown}
 G - a scroll of noise {unknown}
 Q - 2 scrolls of teleportation {unknown}
 T - a scroll of immolation {unknown}
Potions
 a - 2 potions of flight {unknown}
 e - a potion of haste {unknown}
 l - 3 potions of heal wounds {unknown}
 n - a potion of experience {unknown}
 r - 2 potions of lignification {unknown}
 t - a potion of cure mutation {unknown}
 B - 2 potions of degeneration {unknown}
 C - a potion of magic {unknown}
 D - a potion of berserk rage {unknown}
 F - a potion of invisibility {unknown}
 H - 4 potions of curing {unknown}
 I - 2 potions of brilliance {unknown}
 M - 2 potions of mutation {unknown}
Books
 c - a book of Battle

   Spells                             Type                      Level
   a - Infusion                       Charms                       1
   b - Shroud of Golubria             Charms/Translocation         2
   c - Song of Slaying                Charms                       2
   d - Spectral Weapon                Hexes/Charms                 3
   e - Regeneration                   Charms/Necromancy            3
 R - a book of Minor Magic

   Spells                             Type                      Level
   a - Magic Dart                     Conjuration                  1
   b - Blink                          Translocation                2
   c - Call Imp                       Summoning                    2
   d - Repel Missiles                 Charms/Air                   2
   e - Slow                           Hexes                        2
   f - Conjure Flame                  Conjuration/Fire             3
   g - Mephitic Cloud                 Conjuration/Poison/Air       3
Comestibles
 b - 10 chunks of flesh
 d - 6 bread rations
 h - 6 meat rations
 A - 12 beef jerkies
 P - 2 slices of pizza
 U - 3 fruits


   Skills:
 + Level 8.4 Fighting
 + Level 10.3 Maces & Flails
 + Level 5.0 Armour
 + Level 7.2 Dodging
 - Level 2.0 Spellcasting
 + Level 4.5 Charms
 + Level 2.3 Translocations


You had 9 spell levels left.
You knew the following spells:

 Your Spells              Type           Power        Failure   Level  Hunger
a - Infusion              Chrm           ##..         6%          1    ##.....
b - Song of Slaying       Chrm           ##......     10%         2    ###....
c - Shroud of Golubria    Chrm/Tloc      #.........   14%         2    ###....


Dungeon Overview and Level Annotations

Branches:
Dungeon (10/15)            Temple (1/1) D:5             Orc (0/2) D:10
   Lair: D:8-11

Altars:
Ashenzari
Cheibriados
Dithmenos
Elyvilon
Fedhas
Gozag
Hepliaklqana
Kikubaaqudgha
Makhleb
Nemelex Xobeh
Okawaru
Pakellas
Qazlal
Ru
Sif Muna
Trog
Uskayaw
Vehumet
Xom
Yredelemnul
Zin
The Shining One

Annotations:
D:9 exclusion: iron imp


Innate Abilities, Weirdness & Mutations

You are resistant to torment.
Your stone body is resilient. (AC +7)
You are immune to poison.
You resist negative energy. (rN+)
You are resistant to electric shocks. (rElec)
You can survive without breathing.
You are immune to petrification.
You are immune to rotting.


Message History

The demonic crawler hits you but does no damage.
The demonic crawler hits you.
* * * LOW HITPOINT WARNING * * *
The demonic crawler hits you.
* * * LOW HITPOINT WARNING * * *
The deep elf mage casts a spell.
You hit the demonic crawler.
The demonic crawler is lightly wounded.
The demonic crawler misses you. The demonic crawler closely misses you.
The demonic crawler hits you but does no damage.
You hit the demonic crawler but do no damage.
The demonic crawler is lightly wounded.
The demonic crawler misses you.
The demonic crawler completely misses you.
The demonic crawler hits you but does no damage.
The ynoxinul gestures.
The deep elf mage gestures wildly while chanting.
The smoke demon gestures at you. Something smites you!
You die...

..# #.# #.#
###.## ###
#....####
+..######5s.....#
#.@s3Fre55..#
########3)..#
#.)..# #........#
#..##.#.## ...
....# ## ####.#
#.# #.#


You could see a demonic crawler, a deep elf mage, a smoke demon, a ynoxinul, a
jumping spider, a giant frog, a hell rat and 3 ufetubi.

Vanquished Creatures
  The ghost of wvc the Slicer, a novice VSWn of Okawaru (D:8)
  Pikel (D:9)
  A gargoyle (D:10)
  A red devil (D:9)
  A troll (D:10)
  A hungry ghost (D:10)
  Menkaure (D:7)
  2 black bears (D:6)
  3 orc warriors
  4 ice beasts
  2 slaves (D:9)
  A necrophage (D:10)
  A sky beast (D:9)
  2 ogres
  A centaur (D:10)
  3 giant frogs
  3 scorpions
  A howler monkey (D:8)
  3 crimson imps
  2 hounds
  5 orc priests
  3 iguanas
  10 orc wizards
  2 giant frog skeletons
  7 worker ants
  7 gnolls
  8 adders
  A howler monkey skeleton (D:4)
  A shadow imp (D:8)
  An ooze (D:6)
  2 worms
  A giant gecko (D:1)
  47 orcs
  A ball python (D:5)
  6 giant cockroaches
  17 goblins
  15 hobgoblins
  4 jackals
  2 quokkas
  10 bats
  3 giant newts
  12 kobolds
  10 rats
210 creatures vanquished.

Vanquished Creatures (collateral kills)
  An unseen horror (D:10)
  Joseph (D:7)
  A troll (D:9)
  A two-headed ogre (D:8)
  Edmund (D:4)
  A water moccasin (D:8)
  2 orc warriors
  2 ice beasts
  A giant frog (D:6)
  A crimson imp (D:5)
  2 orc priests
  An orc wizard (D:8)
  A jelly (D:7)
  An adder (D:7)
  4 gnolls (D:5)
  An adder skeleton (D:4)
  A worm (D:4)
  13 orcs
  2 hobgoblins (D:4)
  2 kobolds
40 creatures vanquished.

Vanquished Creatures (others)
  A human (D:4)
  2 hexers
3 creatures vanquished.

Grand Total: 253 creatures vanquished

Notes
Turn   | Place    | Note
--------------------------------------------------------------
     0 | D:1      | st0uf the Gargoyle Skald began the quest for the Orb.
     0 | D:1      | Reached XP level 1. HP: 12/12 MP: 3/3
   198 | D:1      | Reached XP level 2. HP: 15/17 MP: 5/5
   281 | D:1      | Reached skill level 1 in Dodging
   412 | D:1      | Learned a level 2 spell: Song of Slaying
   415 | D:1      | Learned a level 2 spell: Shroud of Golubria
   517 | D:1      | Reached XP level 3. HP: 22/22 MP: 6/6
  1237 | D:2      | Reached XP level 4. HP: 27/27 MP: 3/7
  1668 | D:3      | Found a blossoming altar of Fedhas.
  2005 | D:3      | Found a shimmering altar of Xom.
  2006 | D:3      | Found a sacrificial altar of Ru.
  2008 | D:3      | Found a hazy altar of Hepliaklqana.
  2011 | D:3      | Became a worshipper of Hepliaklqana
  2109 | D:3      | Found a faded altar of an unknown god.
  2134 | D:3      | Reached XP level 5. HP: 15/31 MP: 8/8
  2427 | D:4      | Noticed Edmund
  2458 | D:4      | Killed Edmund
  2458 | D:4      | Reached skill level 3 in Maces & Flails
  2458 | D:4      | Reached XP level 6. HP: 22/37 MP: 2/9
  2485 | D:4      | Found a radiant altar of Vehumet.
  2615 | D:4      | Found a stormy altar of Qazlal.
  2616 | D:4      | Noticed a water elemental
  2618 | D:4      | Noticed a fire elemental
  2618 | D:4      | Noticed an air elemental
  2639 | D:4      | Reached skill level 1 in Translocations
  2684 | D:4      | Found an ancient bone altar of Kikubaaqudgha.
  2690 | D:4      | Noticed a human
  2691 | D:4      | Killed a human
  2707 | D:4      | Reached * piety under Hepliaklqana
  3052 | D:4      | Reached XP level 7. HP: 32/41 MP: 10/10
  3138 | D:4      | Found a basalt altar of Yredelemnul.
  3327 | D:4      | Found a glowing golden altar of the Shining One.
  3357 | D:4      | Found a hide-covered altar of Uskayaw.
  3532 | D:4      | Reached skill level 4 in Maces & Flails
  3588 | D:5      | Entered Level 5 of the Dungeon
  3646 | D:5      | Found a staircase to the Ecumenical Temple.
  3653 | Temple   | Entered the Ecumenical Temple
  3819 | D:5      | Reached ** piety under Hepliaklqana
  3823 | D:5      | Remembered your ancestor Finette as a hexer
  4370 | D:6      | Found a shattered altar of Ashenzari.
  4582 | D:6      | Reached XP level 8. HP: 44/48 MP: 5/11
  4586 | D:6      | Reached skill level 5 in Maces & Flails
  4716 | D:6      | Reached skill level 5 in Fighting
  5011 | D:7      | Noticed Joseph
  5023 | D:7      | Killed Joseph
  5025 | D:7      | Reached skill level 6 in Maces & Flails
  5056 | D:7      | Reached XP level 9. HP: 38/55 MP: 12/12
  5198 | D:7      | Reached skill level 5 in Dodging
  5364 | D:7      | Noticed Menkaure
  5377 | D:7      | Killed Menkaure
  5503 | D:7      | Reached skill level 7 in Maces & Flails
  5540 | D:7      | Found a sparkling altar of Nemelex Xobeh.
  5568 | D:7      | Found an ancient bone altar of Kikubaaqudgha.
  5697 | D:8      | Reached *** piety under Hepliaklqana
  5697 | D:8      | Noticed wvc's ghost (novice VSWn)
  5749 | D:8      | Killed wvc's ghost
  5749 | D:8      | Reached skill level 8 in Maces & Flails
  5775 | D:8      | Got a pair of steaming gloves
  5781 | D:8      | Identified the +1 pair of gloves "Vuon" {Str+6} (You found it on level 8 of the Dungeon)
  5831 | D:8      | Reached XP level 10. HP: 59/61 MP: 13/13
  5989 | D:8      | Found an iron altar of Okawaru.
  6323 | D:9      | Found a burning altar of Makhleb.
  6328 | D:9      | Found a burning altar of Makhleb.
  6329 | D:9      | Noticed a rust devil
  6329 | D:9      | Noticed a rust devil
  6379 | D:9      | Reached skill level 9 in Maces & Flails
  6406 | D:9      | Found a white marble altar of Elyvilon.
  6725 | D:9      | Got a bloodstained dagger
  6726 | D:9      | Identified the cursed +2 dagger "Zequgigu" {antimagic, rN+ Int+2} (You found it on level 9 of the Dungeon)
  6764 | D:9      | Noticed Pikel
  6802 | D:9      | Killed Pikel
  6978 | D:10     | Entered Level 10 of the Dungeon
  7246 | D:10     | Killed an unseen horror
  7295 | D:10     | Found a staircase to the Orcish Mines.
  7298 | D:10     | Noticed a gargoyle
  7314 | D:10     | Killed a gargoyle
  7314 | D:10     | Reached skill level 10 in Maces & Flails
  7314 | D:10     | Reached skill level 5 in Armour
  7576 | D:10     | Reached XP level 11. HP: 49/68 MP: 14/14
  7705 | D:10     | You fall through a shaft for 2 floors!
  7710 | D:12     | Noticed a deep elf mage
  7733 | D:12     | Killed from afar by a smoke demon

Vault maps used:
D:1:      shiori_arrival_maze, serial_forest, infiniplex_forest_end_3,
          infiniplex_forest_lined_corner, infiniplex_forest_end_1,
          infiniplex_forest_clump_small, infiniplex_forest_clump_large,
          infiniplex_forest_corner_2, infiniplex_forest_diagonal,
          infiniplex_forest_zigzag_2
D:2:      first_bread
D:3:      fedhas_altar_1, minitemple, ecumenical_altar_2
D:4:      corexii_shantytown, lemuel_doored_altar, old_standard_altar,
          tso_oasis_becter, nicolae_qazlal_style_of_elements, marbit_many_paths,
          tgw_kikubaaqudgha, uniq_edmund
D:5:      lemuel_ice_spiral_2, minmay_temple_entry_statues_fountains
D:6:      nicolae_ashenzari_panopticon
D:7:      lemuel_round_altar, grunt_ogre_cave, nemelex_spade_bored_becter,
          uniq_joseph, uniq_menkaure
D:8:      statuecave_lemuel, okawaru_metal_pillars_1_2
D:9:      overflow_temple_1_default, elyvilon_altar_3, lemuel_hellish_altar,
          uniq_pikel
D:10:     minmay_goldmine, orc_0_dummy, special_room, basic_altar, uniq_maurice
D:12:     minivault_5, st_stairs_14, uniq_harold
Temple:   nicolae_temple_figure_zero

Skill      XL: |  1  2  3  4  5  6  7  8  9 10 |
---------------+-------------------------------+-----
Dodging        | 1 2 3 4 5 7 |  7.2
Charms         | 3 4 |  4.5
Armour         | 2 3 4 5 |  5.0
Fighting       | 3 4 5 6 8 |  8.4
Maces & Flails | 3 4 6 8 10 | 10.3
Translocations | 1 2 |  2.3
Spellcasting   | |  2.0

Action                   |  1- 3 |  4- 6 |  7- 9 | 10-12 || total
-------------------------+-------+-------+-------+-------++-------
Melee: Mace              |   101 |    93 |       |       ||   194
       Flail             |       |    90 |   284 |   236 ||   610
 Cast: Infusion          |    14 |     4 |     5 |     3 ||    26
       Song of Slaying   |     1 |       |       |       ||     1
       Shroud of Golubri |       |     8 |     3 |     1 ||    12
Invok: Ancestor Life: He |       |       |     1 |       ||     1
       Recall Ancestor   |       |       |       |     2 ||     2
  Use: Scroll            |       |       |       |     1 ||     1
 Stab: Distracted        |       |     1 |     3 |       ||     4
       Confused          |       |       |     4 |     4 ||     8
  Eat: Chunk             |     2 |     7 |     9 |     7 ||    25
Armor: Leather armour    |    46 |    62 |    87 |   110 ||   305
       Chain mail        |       |       |    38 |       ||    38
Dodge: Dodged            |    64 |   112 |   164 |   187 ||   527
